 Dungeon Crawl Stone Soup version 0.16.0-11-gd45b091 (console) character file.

44 gw the Chopper (level 3, -1/33 HPs)
             Began as a Hill Orc Berserker on Mar 18, 2015.
             Was a Believer of Trog.
             Killed by divine providence
             ... invoked by an orc priest
              (12 damage)
             ... on level 3 of the Dungeon.
             The game lasted 00:01:12 (1144 turns).

gw the Chopper (Hill Orc Berserker)                 Turns: 1144, Time: 00:01:12

Health: -1/33      AC:  8    Str: 19    XL:     3   Next: 60%
Magic:  3/3        EV: 11    Int:  7    God:    Trog [**....]
Gold:   56         SH:  0    Dex: 11    Spells: 0 memorised, 2 levels left

rFire  . . .     SeeInvis .     a - +0 hand axe
rCold  . . .     Clarity  .     d - +0 ring mail
rNeg   . . .     SustAb   .     (no shield)
rPois  .         Gourm    .     (no helmet)
rElec  .         Spirit   .     (no cloak)
rCorr  .         Warding  .     (no gloves)
rMut   .         Stasis   .     (no boots)
MR     ++...                    (no amulet)
Stlth  +.........               (no ring)
                                h - +3 ring of protection

@: about to teleport, regenerating, very resistant to hostile enchantments, very
unstealthy
A: no striking features
a: Burn Spellbooks, Berserk, Trog's Hand, Renounce Religion, Convert to Beogh


You were on level 3 of the Dungeon.
You worshipped Trog.
Trog was pleased with you.
You were hungry.

You visited 1 branch of the dungeon, and saw 3 of its levels.

You collected 56 gold pieces.

Inventory:

Hand weapons
 a - a +0 hand axe (weapon)
Missiles
 b - 43 stones (quivered)
Armour
 d - a +0 ring mail (worn)
Jewellery
 h - a +3 ring of protection (left hand)
Scrolls
 e - a scroll of blinking {unknown}
 f - a scroll of amnesia {unknown}
 g - a scroll of identify
 k - a scroll of random uselessness {unknown}
Comestibles
 c - a meat ration
 j - a bread ration


   Skills:
 + Level 4.0 Fighting
 * Level 4.7 Axes
 + Level 1.2 Throwing
 + Level 2.9 Armour
 - Level 1.5 Dodging


You had 2 spell levels left.
You didn't know any spells.

Dungeon Overview and Level Annotations

Branches:
Dungeon (3/15)

Altars:


Message History

You butcher the orc corpse.
The orc priest hits you but does no damage.
Things that are here:
a leather armour; 3 chunks of flesh; 3 chunks of flesh There isn't anything to butcher here.
Unknown command.
Unknown command.
Unknown command.
Read which item? (? for menu, Esc to quit)
As you read the scroll of teleportation, it crumbles to dust.
You feel strangely unstable.
Unknown command.
Unknown command.
Unknown command.
ATTACK MOVE TO (0,1)
You hit the orc priest.
The orc priest is lightly wounded.
The orc priest calls down the wrath of Beogh upon you.
Something smites you!
You die...

#..#..##...#######.#
#....(............#
#.##############..#
#..# #####..######
#...........#
#.###.>####.# #.#
#....# #o# #..#.#
#o# #.##.# .o. ... .
#..##### # #..# #..#
#..# #..# ?..


You could see an orc priest and an orc.

Table legend:
 A = Turns spent in this place as a percentage of turns spent in the entire game.
 B = Non-inter-level travel turns spent in this place as a percentage of non-inter-level travel turns spent in the entire game.
 C = Inter-level travel turns spent in this place as a percentage of turns spent in this place.
 D = Turns resting spent in this place as a percentage of non-inter-level travel turns spent in this place.
 E = Turns spent auto-exploring this place as a percentage of non-inter-level travel turns spent in this place.
 F = Non-inter-level travel turns spent in this place divided by the number of levels of this place that you've seen.
                   A       B       C       D       E      F
               +-------+-------+-------+-------+-------+----------------------
         Total | 100.0 | 100.0 |   0.2 |   0.8 |   2.9 | 737.7
       Dungeon | 100.0 | 100.0 |   0.2 |   0.8 |   2.9 | 737.7
               +-------+-------+-------+-------+-------+----------------------

Table legend:
 A = Kills in this place as a percentage of kills in entire the game.
 B = Kills by you in this place as a percentage of kills by you in the entire game.
 C = Kills by friends in this place as a percentage of kills by friends in the entire game.
 D = Other kills in this place as a percentage of other kills in the entire game.
 E = Experience gained in this place as a percentage of experience gained in the entire game.
 F = Experience gained in this place divided by the number of levels of this place that you have seen.
                   A       B       C       D       E      F
               +-------+-------+-------+-------+-------+----------------------
         Total | 100.0 | 100.0 |  -nan |  -nan | 100.0 |  21.0
       Dungeon | 100.0 | 100.0 |  -nan |  -nan | 100.0 |  21.0
               +-------+-------+-------+-------+-------+----------------------

Vanquished Creatures
  A giant mite (D:2)
  2 orcs (D:3)
  6 bats
  A giant cockroach (D:1)
  8 goblins (D:1)
  A hobgoblin (D:1)
  3 jackals (D:1)
  A ball python (D:1)
  A giant newt (D:1)
  5 kobolds (D:1)
  3 rats (D:1)
32 creatures vanquished.

Notes
Turn   | Place    | Note
--------------------------------------------------------------
     0 | D:1      | gw, the Hill Orc Berserker, began the quest for the Orb.
     0 | D:1      | Reached XP level 1. HP: 19/19 MP: 1/1
    96 | D:1      | Reached XP level 2. HP: 26/27 MP: 2/2
   575 | D:1      | Acquired Trog's second power
   630 | D:1      | Reached XP level 3. HP: 33/33 MP: 3/3
  1058 | D:2      | Reached skill level 1 in Throwing
  1102 | D:2      | You fall through a shaft!
  1144 | D:3      | Killed from afar by an orc priest

Action                   || total
-------------------------++-------
Melee: Hand axe          ||    74
Throw: Stone             ||    47
Invok: Berserk           ||     1
       Trog's Hand       ||     1
  Use: Scroll            ||     4
       Potion            ||     3
  Eat: Chunk             ||     1

Vault maps used:
D:1:      dpeg_arrival_erosion
D:2:      first_bread, minmay_curled_crystal
D:3:      kennysheep_boxes
